 Dungeon Crawl Stone Soup version 0.18-a0-1577-gf591c28 (webtiles) character file.

298 Ijustatesigmund the Insei (level 6, -4/42 HPs)
             Began as an Octopode Transmuter on Mar 18, 2016.
             Slain by a centaur (9 damage)
             ... on level 5 of the Dungeon.
             The game lasted 00:10:21 (4028 turns).

Ijustatesigmund the Insei (Octopode Transmuter)     Turns: 4028, Time: 00:10:21

Health: -4/42      AC:  1    Str:  9    XL:     6   Next: 36%
Magic:  7/9        EV: 12    Int: 15    God:
Gold:   129        SH:  0    Dex: 13    Spells: 3 memorised, 3 levels left

rFire  . . .     SeeInvis .       - Unarmed
rCold  . . .     Gourm    .     (no shield)
rNeg   . . .     Faith    .     (helmet restricted)
rPois  .         Spirit   .     (no amulet)
rElec  .         Dismiss  .     (no ring)
rCorr  .         Reflect  .     (no ring)
SustAt .         Harm     .     (no ring)
MR     .....     Rnd*Rage +     (no ring)
Stlth  ++++......               (no ring)
                                (no ring)
                                (no ring)
                                (no ring)

@: not resistant to hostile enchantments, stealthy
A: almost no armour, amphibious, 8 rings, constrict 8, camouflage 1, berserk 1,
weak 1, gelatinous body 1
a: no special abilities


You were on level 5 of the Dungeon.
You were not hungry.

You visited 1 branch of the dungeon, and saw 5 of its levels.

You collected 129 gold pieces.

Inventory:

Missiles
 a - 20 arrows
Armour
 e - a +0 buckler
Scrolls
 l - a scroll of amnesia
Potions
 d - a potion of resistance {unknown}
 f - a potion of curing
 g - 2 potions of flight {unknown}
 h - a potion of mutation
 i - a potion of brilliance {unknown}
 j - a potion of lignification {unknown}
 m - a potion of might {unknown}
Books
 b - a book of Changes

   Spells                             Type                      Level
   a - Beastly Appendage              Transmutation                1
   b - Sticks to Snakes               Transmutation                2
   c - Spider Form                    Transmutation/Poison         3
   d - Ice Form                       Ice/Transmutation            4
   e - Blade Hands                    Transmutation                5
Comestibles
 c - 3 bread rations
 k - a beef jerky


   Skills:
 + Level 3.4 Fighting
 - Level 2.0 Dodging
 + Level 3.4 Stealth
 + Level 4.8 Unarmed Combat
 - Level 2.1 Spellcasting
 - Level 2.1 Transmutations
 - Level 2.0 Poison Magic


You had 3 spell levels left.
You knew the following spells:

 Your Spells              Type           Power        Failure   Level  Hunger
a - Beastly Appendage     Trmt           #.....       12%         1    #......
b - Sticks to Snakes      Trmt           #.......     14%         2    ###....
c - Spider Form           Trmt/Pois      #.........   30%         3    ###....


Dungeon Overview and Level Annotations

Branches:
Dungeon (5/15)
 Temple: D:4-7

Altars:
Pakellas

Annotations:
D:3 Sar's ghost, weakling VSEn


Innate Abilities, Weirdness & Mutations

You cannot wear most types of armour.
You are amphibious.
You can wear up to eight rings at the same time.
You can use your tentacles to constrict eight enemies at once.
Your skin changes colour to match your surroundings (Stealth).
Your rubbery body absorbs attacks (AC +1).
You tend to lose your temper in combat.
You are weak. (Str -2)


Message History

The centaur closely misses you. The hound closely misses you.
You bite the orc priest!
You kill the orc priest!
The centaur hits you. The hound misses you. The orc hits you with a club.
An orc comes into view. It is wielding a dagger.
You barely miss the centaur. The centaur hits you.
The hound closely misses you.
You hit the centaur.
The centaur is poisoned.
The centaur is lightly wounded.
Your transformation has ended.
The centaur hits you. The hound barely misses you.
The orc moves out of view.
The orc hits you with a club. The centaur hits you.
* * * LOW HITPOINT WARNING * * *
The hound bites you.
* * * LOW HITPOINT WARNING * * *
Drink which item? (? for menu, Esc to quit)
It was a potion of mutation.
You feel extremely strange.
You feel a little pissed off.
You feel weaker. The centaur hits you!
You die...

#........# .....
#........###......
..........<......%
........####......
........# .....
....###.### ....
... #.<..#.# ###
.. #......#
#@...###
#....coh......
#.##.o....?...
#...###.$... o....
..... .).... .....
.#..... ..
..#......


You could see a centaur, a hound and 3 orcs.

Vanquished Creatures
  An orc priest (D:5)
  An orc wizard (D:4)
  2 iguanas (D:4)
  3 worker ants (D:4)
  5 adders
  An ooze (D:1)
  2 worms
  4 dart slugs
  2 giant geckos
  4 orcs
  8 bats
  2 giant cockroaches
  8 goblins
  2 hobgoblins
  6 jackals
  3 ball pythons
  3 giant newts
  7 kobolds
  5 rats
69 creatures vanquished.

Notes
Turn   | Place    | Note
--------------------------------------------------------------
     0 | D:1      | Ijustatesigmund the Octopode Transmuter began the quest for the Orb.
     0 | D:1      | Reached XP level 1. HP: 13/13 MP: 3/3
   337 | D:1      | Reached XP level 2. HP: 18/18 MP: 5/5
   341 | D:1      | Learned a level 2 spell: Sticks to Snakes
   788 | D:1      | Reached XP level 3. HP: 23/23 MP: 6/6
   797 | D:1      | Learned a level 3 spell: Spider Form
  1252 | D:1      | Reached skill level 1 in Poison Magic
  1587 | D:2      | Reached XP level 4. HP: 19/29 MP: 7/7
  1922 | D:2      | Found an oddly glowing altar of Pakellas.
  2064 | D:2      | Found a faded altar to an unknown god.
  2303 | D:2      | Reached skill level 4 in Unarmed Combat
  2424 | D:3      | Noticed Sar's ghost (weakling VSEn)
  2432 | D:3      | HP: 1/29 [hobgoblin/club (2)]
  2876 | D:4      | Reached skill level 1 in Stealth
  2885 | D:4      | Reached XP level 5. HP: 11/35 MP: 4/8
  3254 | D:5      | Entered Level 5 of the Dungeon
  3658 | D:4      | Reached XP level 6. HP: 29/42 MP: 7/9
  4028 | D:5      | Gained mutation: You tend to lose your temper in combat. [potion of mutation]
  4028 | D:5      | Gained mutation: You are weak. (Str -2) [potion of mutation]
  4028 | D:5      | Slain by a centaur

Vault maps used:
D:1:      minmay_arrival_three_doors, minmay_misc_feat_encased
D:2:      nicolae_overflow_hidden_temple, ecumenical_altar_2,
          grunt_pakellas_sulfur
D:3:      tgw_xom, minmay_misc_feat_hallway, columned_hall_lemuel,
          minmay_misc_feat_x
D:4:      first_bread, hex_tiny
D:5:      overflow_temple_1_default, lemuel_temple_firewalk

Skill      XL: |  1  2  3  4  5 |
---------------+----------------+-----
Poison Magic   | 1 2 |  2.0
Fighting       | 2 3 |  3.4
Unarmed Combat | 4 |  4.8
Stealth        | 1 3 |  3.4
Dodging        | |  2.0
Spellcasting   | |  2.1
Transmutations | |  2.1

Action                   |  1- 3 |  4- 6 || total
-------------------------+-------+-------++-------
Melee: Unarmed           |    88 |    98 ||   186
 Cast: Beastly Appendage |     5 |    11 ||    16
       Sticks to Snakes  |       |     8 ||     8
       Spider Form       |       |     2 ||     2
  Use: Scroll            |     2 |     2 ||     4
       Potion            |     1 |     3 ||     4
 Stab: Sleeping          |     6 |     2 ||     8
  Eat: Chunk             |     1 |     5 ||     6
       Bread ration      |     1 |       ||     1
